 Dungeon Sprint DCSS version 0.24.0-13-gcf9b319 (webtiles) character file.

Game seed: 9871297065744625714, levelgen mode: deterministic

159025 Fang the Impregnable (level 17, -5/202 HPs)
             Began as a Gargoyle Berserker on Dec 9, 2019.
             Was the Champion of Trog.
             Killed from afar by a starcursed mass (17 damage)
             ... with an accursed screaming
             ... in the Dungeon (Sprint V: "Ziggurat Sprint").
             The game lasted 00:08:16 (2566 turns).

Fang the Impregnable (Gargoyle Berserker)           Turns: 2566, Time: 00:08:17

Health: -5/202     AC: 56    Str: 29    XL:     17   Next: 73%
Magic:  15/17      EV: 15    Int:  7    God:    Trog [******]
Gold:   0          SH: 31    Dex: 14    Spells: 16/16 levels left

rFire    . . .     SeeInvis .   o - +5 broad axe of the Curious Curses {vamp, rElec rC+ Str-5 Int+3}
rCold    + . .     Gourm    .   E - +18 shield of the Gong {rElec rN+ MR+ EV-5}
rNeg     + + .     Faith    .   b - +15 Maxwell's patent armour {-Cast -Tele rElec MR+ rCorr}
rPois    ∞         Spirit   .   (no helmet)
rElec    +         Reflect  .   (no cloak)
rCorr    +         Harm     .   S - +0 pair of gloves of Azucad {*Drain rElec rPois Dex+5}
MR       +++++     Rnd*Rage +   R - +2 pair of boots {Stlth+} Stlth ..........NoTele +
                                A - necklace of Bloodlust {*Rage +Rage MR++ Int-3 Slay+6 *Curse} (curse)
HPRegen  0.43/turn NoCast   +   C - ring of resist corrosion
MPRegen  0.15/turn              g - +3 ring of slaying

@: berserking, studying 2 skills, very quick
A: big wings, [deterioration 1], negative energy resistance 1, screaming 1,
electricity resistance, unbreathing, petrification resistance, rot immunity,
subdued magic 1, AC +12
a: Fly, Berserk, Trog's Hand, Brothers in Arms, Renounce Religion, Evoke Berserk
Rage


You were in the Dungeon.
You worshipped Trog.
Trog was exalted by your worship.
You were very hungry.

You visited 1 branch

Inventory:

Hand Weapons
 a - a +5 vampiric broad axe
 o - the +5 broad axe of the Curious Curses (weapon) {vamp, rElec rC+ Str-5 Int+3}
   (You found it in the Dungeon)

   It inflicts no extra harm, but heals its wielder when it wounds a living foe.
   It affects your strength (-5).
   It affects your intelligence (+3).
   It protects you from cold.
   It insulates you from electricity.
 B - a +5 broad axe of flaming
 G - a +1 broad axe of holy wrath
 L - a +2 broad axe of chopping
Armour
 b - the +15 Maxwell's patent armour (worn) {-Cast -Tele rElec MR+ rCorr}
   (You found it in the Dungeon)

   It insulates you from electricity.
   It affects your resistance to hostile enchantments.
   It prevents spellcasting.
   It prevents most forms of teleportation.
   It provides partial protection from all sources of acid and corrosion.
 E - the +18 shield of the Gong (worn) {rElec rN+ MR+ EV-5}
   (You found it in the Dungeon)

   It affects your evasion (-5).
   It insulates you from electricity.
   It protects you from negative energy.
   It affects your resistance to hostile enchantments.
 R - a +2 pair of boots of stealth (worn)
 S - the +0 pair of gloves of Azucad (worn) {*Drain rElec rPois Dex+5}
   (You found it in the Dungeon)

   It affects your dexterity (+5).
   It insulates you from electricity.
   It protects you from poison.
   It causes draining when unequipped.
Jewellery
 g - a +3 ring of slaying (right hand)
 r - the ring "Loxouz" {Fire rN+ Int-4 Dex+4}
   (You took it off a deep elf mage in the Dungeon)

   [ring of fire]

   It enhances your fire magic.
   It affects your intelligence (-4).
   It affects your dexterity (+4).
   It protects you from fire.
   It makes you vulnerable to cold.
   It protects you from negative energy.
 x - the ring of Kyeme {MP+9 EV+3}
   (You found it in the Dungeon)

   [ring of evasion]

   It affects your evasion (+3).
   It affects your magic capacity (+9).
 y - the amulet of Wisdom {Fragile Regen+ Int+6}
   (You found it in the Dungeon)

   [amulet of regeneration]

   It affects your intelligence (+6).
   It increases your rate of regeneration.
   It will be destroyed if unequipped.
 z - an uncursed amulet of regeneration
 A - the cursed necklace of Bloodlust (around neck) {*Rage +Rage MR++ Int-3 Slay+6 *Curse}
   (You found it in the Dungeon)

   [amulet of rage]

   It affects your intelligence (-3).
   It affects your accuracy and damage with ranged weapons and melee attacks
   (+6).
   It affects your resistance to hostile enchantments.
   It lets you go berserk.
   It may make you go berserk in combat.
   It curses itself when equipped.
   It has a curse placed upon it.
 C - a ring of resist corrosion (left hand)
 D - an uncursed ring of protection from cold
 F - a +4 ring of dexterity
 K - a +6 amulet of reflection
Wands
 u - a wand of disintegration (7)
 v - a wand of iceblast (7)
 w - a wand of acid (7)
 I - a wand of random effects (10)
Scrolls
 i - 4 scrolls of blinking
 j - 9 scrolls of fog
 k - a scroll of holy word
 l - 5 scrolls of identify
 m - 5 scrolls of remove curse
 n - 2 scrolls of fear
Potions
 d - 10 potions of curing
 e - 10 potions of heal wounds
 f - 13 potions of haste
 h - 3 potions of berserk rage
 p - 2 potions of invisibility
 q - 4 potions of resistance
 s - 6 potions of agility
 t - 5 potions of might
Books
 H - a manual of Crossbows
 J - a manual of Stealth
Comestibles
 c - 6 rations
 N - 10 chunks of flesh


   Skills:
 + Level 25.1 Fighting
 + Level 22.9 Axes
 + Level 26.2 Armour
 + Level 20.3 Dodging
 - Level 2.6 Stealth
 + Level 11.2 Shields


You had 16 spell levels left.
You didn't know any spells.
Your spell library was empty.

Dungeon Overview and Level Annotations

Branches:
Dungeon (1/1)

Altars:
Ashenzari
Cheibriados
Dithmenos
Elyvilon
Fedhas
Gozag
Hepliaklqana
Kikubaaqudgha
Makhleb
Nemelex Xobeh
Okawaru
Qazlal
Ru
Sif Muna
Trog
Uskayaw
Vehumet
Wu Jian
Xom
Yredelemnul
Zin
The Shining One
Beogh
Jiyva
Lugonu


Innate Abilities, Weirdness & Mutations

You are resistant to torment.
Your stone body is resilient. (AC +12)
You are immune to poison.
Your large and strong wings let you fly indefinitely.
You resist negative energy. (rN+)
You are resistant to electric shocks. (rElec)
You can survive without breathing.
You are immune to petrification.
You are immune to rotting.
You occasionally shout uncontrollably at your foes.
Your spells are a little easier to cast, but a little less powerful.
[Your body sometimes deteriorates upon taking damage.]


Message History

You block the golden dragon's attack. x2
The golden dragon tramples you but does no damage.
The large abomination hits you but does no damage.
A starcursed mass splits.
You barely miss the golden dragon.
The golden dragon is severely wounded.
You chop Nefuug into pieces!!!
As Nefuug dies, the sound returns.
You kill Nefuug!
Trog accepts your kill. Something appears at your feet!
Trog grants you ammunition!
The golden dragon disappears in a puff of smoke!
The ice dragon disappears in a puff of smoke! x2
You feel the corruption within you wane somewhat.
You feel a little healthier.
Your body's shape seems more normal.
Your Fighting skill increases to level 25!
Your Shields skill increases to level 11!
You barely miss the large abomination.
A cacophony of accursed wailing tears at your sanity!
You die...

▓..[[}:}||=}
................▓..[.[|})}|}
................▓......[.)..
................▓...........
................▓...........
.........*..X...▓...........
........XXXX§...▓......[))..
........XX.X....▓......)))..
.......xXX§@....▓......)))..
........)X†X....▓...▓.......
..▓.........▓...▓..▓▓▓.....▓
................▓...▓.......
................▓...........
.......©........▓.......©...
▓▓▓▓▓▓▓▓▓▓▓▓▓▓▓▓▓▓▓▓▓▓▓▓▓▓▓▓
▓......8©8.. ▓..:[|..)[|:


You could see 11 starcursed masses, a wretched star, a large abomination and a
small abomination.

Vanquished Creatures
  An ancient lich (D)
  A pandemonium lord (D)
  2 liches (D)
  3 deep elf master archers (D)
  3 deep elf blademasters (D)
  An acid blob (D)
  A tentacled starspawn (D)
  A thorn hunter (D)
  5 shadow dragons (D)
  Donald (D)
  Roxanne (D)
  A nagaraja (D)
  Aizul (D)
  A ghoul (D)
  Louise (D)
  3 very ugly things (D)
  2 spriggan defenders (D)
  A draconian annihilator (D)
  A stone giant (D)
  3 vampire knights (D)
  4 deep elf annihilators (D)
  2 dire elephants (D)
  3 merfolk javelineers (D)
  A great orb of eyes (D)
  A great orb of eyes (shapeshifter) (D)
  A deep elf high priest (D)
  A death ooze (D)
  4 naga warriors (D)
  17 vault guards (D)
  2 anacondas (D)
  A rakshasa (D)
  3 spriggan air magi (D)
  A shambling mangrove (D)
  A death yak (shapeshifter) (D)
  A vampire mage (D)
  4 spriggan berserkers (D)
  5 dancing weapons (D)
  2 soul eaters (D)
  3 deep elf knights (D)
  Sonja (D)
  A wretched star (D)
  A spriggan (D)
  A fire crab (shapeshifter) (D)
  A deep troll (shapeshifter) (D)
  A spriggan druid (D)
  2 sea snakes (D)
  A glowing orange brain (shapeshifter) (D)
  2 deep elf archers (D)
  3 necromancers (D)
  A wolf spider (D)
  2 shining eyes (D)
  A cyclops (shapeshifter) (D)
  A worldbinder (D)
  8 deep elf magi (D)
  2 ugly things (D)
  5 toenail golems (D)
  A black mamba (D)
  A naga mage (D)
  An eye of devastation (D)
  A water nymph (D)
  2 spiny frogs (shapeshifter) (D)
  A gargoyle (D)
  2 yaktaurs (D)
  A dryad (D)
  A hellwing (D)
  A demonic crawler (D)
  An ancient zyme (D)
  3 hornets (D)
  A jumping spider (shapeshifter) (D)
  6 merfolk (D)
  A wind drake (D)
  3 large abominations (D)
  A polar bear (shapeshifter) (D)
  2 raiju (D)
  Grinder (D)
  A hippogriff (D)
  4 slime creatures (D)
  A snapping turtle (D)
  A flying skull (D)
  Sigmund (D)
  A redback (D)
  2 vampires (D)
  A wraith (D)
  4 air elementals (D)
  6 shadows (D)
  2 tarantellas (D)
  2 water elementals (D)
  3 small abominations (D)
  A fire elemental (D)
  2 ynoxinuls (D)
  3 neqoxecs (D)
  A golden eye (D)
  Duvessa (D)
  A black bear (shapeshifter) (D)
  An eye of draining (D)
  A wolf (D)
  5 centaurs (D)
  Blork the orc (D)
  4 earth elementals (D)
  3 scorpions (D)
  Dowan (D)
  5 wights (D)
  A crimson imp (D)
  A quasit (D)
  A jelly (D)
  2 iron imps (D)
  5 starcursed masses (D)
  Crazy Yiuf (D)
  Jessica (D)
  3 adders (D)
  A shadow imp (D)
  3 ufetubi (D)
  An ooze (D)
  2 spectral adders (D)
  4 adder zombies (D)
  2 spectral bats (D)
  2 bat skeletons (D)
  3 bat zombies (D)
  3 ball pythons (D)
  A bat simulacrum (D)
  A jackal skeleton (D)
  A jackal zombie (D)
  2 leopard gecko skeletons (D)
  3 quokka skeletons (D)
  3 quokka zombies (D)
  2 spectral leopard geckos (D)
  A butterfly (D)
  3 crawling corpses (D)
  A starspawn tentacle (D)
269 creatures vanquished.

Vanquished Creatures (collateral kills)
  Frances (D)
  Polyphemus (D)
  Snorg (D)
  Edmund (D)
4 creatures vanquished.

Vanquished Creatures (others)
  3 spatial maelstroms (D)
  3 insubstantial wisps (D)
  2 white imps (D)
  A bat skeleton (D)
  A starspawn tentacle (D)
10 creatures vanquished.

Grand Total: 283 creatures vanquished

Notes
Turn   | Place    | Note
-------+----------+-------------------------------------------
     0 | D        | Fang the Gargoyle Berserker began the quest for the Orb.
     0 | D        | Reached XP level 1. HP: 14/14 MP: 1/1
     1 | D        | Found a blossoming altar of Fedhas.
     2 | D        | Found the +6 Majin-Bo {vamp, Archmagi MP+6 Int+6}
     2 | D        | Found the +7 great mace "Firestarter" {inner flame, rF++}
     2 | D        | Found a viscous altar of Jiyva.
     2 | D        | Found a transporter.
     2 | D        | Found a hazy altar of Hepliaklqana.
     2 | D        | Found an ancient bone altar of Kikubaaqudgha.
     2 | D        | Found an opulent altar of Gozag.
     2 | D        | Found a corrupted altar of Lugonu.
    10 | D        | Banished a spatial maelstrom
    13 | D        | Banished a spatial maelstrom
    15 | D        | Banished a spatial maelstrom
    18 | D        | Found a burning altar of Makhleb.
    20 | D        | Found an iron altar of Okawaru.
    20 | D        | Found a stormy altar of Qazlal.
    20 | D        | Found a sparkling altar of Nemelex Xobeh.
    20 | D        | Found a sacrificial altar of Ru.
    20 | D        | Found a shimmering blue altar of Sif Muna.
    26 | D        | Found the +9 heavy crossbow "Sniper" {velocity, Acc+∞ SInv}
    26 | D        | Found the +10 dark maul {crush}
    26 | D        | Found the +15 Maxwell's patent armour {-Cast -Tele rElec
                  | MR+ rCorr}
    26 | D        | Found the +18 shield of the Gong {rElec rN+ MR+ EV-5}
    26 | D        | Found the cursed +14 obsidian axe {chop, +Fly SInv *Curse}
    32 | D        | Found a bloodstained altar of Trog.
    77 | D        | Entered arena 2.
    77 | D        | Noticed a crimson imp
    77 | D        | Noticed an iron imp
    77 | D        | Found a transporter.
    82 | D        | Killed an iron imp
    82 | D        | Reached skill level 3 in Armour
    82 | D        | Reached XP level 2. HP: 20/20 MP: 2/2
    82 | D        | Reached XP level 3. HP: 24/24 MP: 3/3
    82 | D        | Reached skill level 5 in Fighting
    82 | D        | Reached skill level 4 in Armour
    82 | D        | Reached XP level 4. HP: 31/31 MP: 4/4
   140 | D        | Entered arena 3.
   140 | D        | Found a transporter.
   143 | D        | Reached ** piety under Trog
   149 | D        | Got the +5 broad axe of the Curious Curses {vamp, rElec rC+
                  | Str-5 Int+3}
   153 | D        | Entered arena 4.
   153 | D        | Found a transporter.
   157 | D        | Reached *** piety under Trog
   159 | D        | Reached skill level 5 in Armour
   170 | D        | Entered arena 5.
   170 | D        | Noticed a deep elf mage
   170 | D        | Noticed a deep elf mage
   170 | D        | Noticed a fire elemental
   170 | D        | Noticed a +2 battleaxe of chopping
   170 | D        | Found a transporter.
   175 | D        | Killed a deep elf mage
   175 | D        | Reached **** piety under Trog
   175 | D        | Reached skill level 8 in Armour
   175 | D        | Reached XP level 5. HP: 40/40 MP: 5/5
   175 | D        | Reached XP level 6. HP: 45/45 MP: 6/6
   175 | D        | Reached XP level 7. HP: 50/50 MP: 7/7
   176 | D        | Noticed a fire elemental
   176 | D        | Noticed a fire elemental
   177 | D        | Killed a fire elemental
   178 | D        | Noticed a fire elemental
   178 | D        | Noticed a fire elemental
   183 | D        | Killed a deep elf mage
   183 | D        | Reached skill level 10 in Fighting
   183 | D        | Reached skill level 9 in Armour
   183 | D        | Reached XP level 8. HP: 31/57 MP: 8/8
   194 | D        | Killed a +2 battleaxe of chopping
   194 | D        | Reached ***** piety under Trog
   194 | D        | Reached skill level 10 in Armour
   361 | D        | Entered arena 6.
   361 | D        | Noticed Sigmund
   361 | D        | Noticed Jessica
   361 | D        | Noticed Blork the orc
   361 | D        | Noticed Crazy Yiuf
   361 | D        | Noticed Dowan
   361 | D        | Found a transporter.
   364 | D        | Killed Crazy Yiuf
   367 | D        | Killed Blork the orc
   367 | D        | Received a gift from Trog
   367 | D        | Reached XP level 9. HP: 64/64 MP: 9/9
   369 | D        | Killed Jessica
   375 | D        | Killed Dowan
   375 | D        | Reached skill level 11 in Armour
   382 | D        | Killed Sigmund
   410 | D        | Entered arena 7.
   411 | D        | Found a transporter.
   414 | D        | Reached skill level 10 in Axes
   525 | D        | Got the amulet of Wisdom {Fragile Regen+ Int+6}
   528 | D        | Got the amulet "Wuhuimn" {RegenMP rElec}
   775 | D        | Entered arena 8.
   776 | D        | Found the +8 orange crystal plate armour {Archmagi, Int+3
                  | Clar}
   776 | D        | Found a transporter.
   780 | D        | Received a gift from Trog
   784 | D        | Reached skill level 12 in Armour
   808 | D        | Entered arena 9.
   808 | D        | Noticed an ancient zyme
   809 | D        | Found the cursed necklace of Bloodlust {*Rage +Rage MR++
                  | Int-3 Slay+6 *Curse}
   809 | D        | Found a transporter.
   814 | D        | Reached ****** piety under Trog
   819 | D        | Killed an ancient zyme
   819 | D        | Received a gift from Trog
   819 | D        | Reached XP level 10. HP: 63/72 MP: 10/10
   853 | D        | Entered arena 10.
   853 | D        | Noticed a toenail golem
   853 | D        | Noticed a toenail golem
   853 | D        | Noticed a gargoyle
   853 | D        | Noticed a toenail golem
   853 | D        | Noticed a toenail golem
   853 | D        | Noticed a toenail golem
   854 | D        | Found a transporter.
   858 | D        | Killed a toenail golem
   858 | D        | Reached skill level 10 in Dodging
   861 | D        | Killed a toenail golem
   862 | D        | Killed a toenail golem
   862 | D        | Reached skill level 13 in Armour
   864 | D        | Killed a toenail golem
   864 | D        | Received a gift from Trog
   865 | D        | Killed a gargoyle
   867 | D        | Killed a toenail golem
   951 | D        | Entered arena 11.
   952 | D        | Found a transporter.
   963 | D        | Received a gift from Trog
   972 | D        | Reached XP level 11. HP: 80/80 MP: 11/11
   972 | D        | Reached skill level 14 in Armour
  1029 | D        | Entered arena 12.
  1029 | D        | Noticed a naga warrior
  1029 | D        | Noticed a naga warrior
  1029 | D        | Noticed an anaconda
  1029 | D        | Noticed a naga warrior
  1029 | D        | Noticed a nagaraja
  1030 | D        | Noticed a naga warrior
  1031 | D        | Found a transporter.
  1042 | D        | Killed an anaconda
  1042 | D        | Received a gift from Trog
  1045 | D        | Killed a naga warrior
  1047 | D        | Killed a naga warrior
  1047 | D        | Reached skill level 15 in Fighting
  1051 | D        | Killed a naga warrior
  1051 | D        | Reached skill level 15 in Armour
  1059 | D        | Killed a nagaraja
  1059 | D        | Reached skill level 15 in Axes
  1062 | D        | Killed a naga warrior
  1118 | D        | Entered arena 13.
  1118 | D        | Noticed a sea snake
  1118 | D        | Noticed a merfolk javelineer
  1118 | D        | Noticed a sea snake
  1119 | D        | Noticed a merfolk javelineer
  1119 | D        | Noticed a merfolk javelineer
  1122 | D        | Received a gift from Trog
  1127 | D        | Killed a sea snake
  1127 | D        | Reached XP level 12. HP: 88/88 MP: 12/12
  1133 | D        | Reached skill level 16 in Armour
  1134 | D        | Found a transporter.
  1137 | D        | Killed a merfolk javelineer
  1139 | D        | Killed a merfolk javelineer
  1144 | D        | Killed a merfolk javelineer
  1148 | D        | Received a gift from Trog
  1226 | D        | Entered arena 14.
  1227 | D        | Noticed a death ooze
  1227 | D        | Noticed an acid blob
  1228 | D        | Noticed a great orb of eyes
  1230 | D        | Found a transporter.
  1232 | D        | Killed a death ooze
  1237 | D        | Killed an acid blob
  1237 | D        | Received a gift from Trog
  1237 | D        | Reached skill level 17 in Armour
  1238 | D        | Killed a great orb of eyes
  1238 | D        | Received a gift from Trog
  1304 | D        | Entered arena 15.
  1304 | D        | Noticed Duvessa
  1305 | D        | Noticed Aizul
  1305 | D        | Noticed Frances
  1305 | D        | Noticed Sonja
  1305 | D        | Noticed Polyphemus
  1305 | D        | Identified the +1 hand crossbow of Wyrd {freeze, rPois
                  | Int+2}
  1305 | D        | Noticed Edmund
  1305 | D        | Noticed Roxanne
  1305 | D        | Noticed Donald
  1306 | D        | Noticed Snorg
  1306 | D        | Noticed Louise
  1307 | D        | Noticed Grinder
  1311 | D        | Killed Duvessa
  1323 | D        | Killed Aizul
  1323 | D        | Received a gift from Trog
  1323 | D        | Reached XP level 13. HP: 96/96 MP: 13/13
  1326 | D        | Killed Donald
  1326 | D        | Reached skill level 18 in Armour
  1327 | D        | Killed Sonja
  1328 | D        | Killed Edmund
  1332 | D        | Killed Frances
  1332 | D        | Received a gift from Trog
  1336 | D        | Killed Polyphemus
  1340 | D        | Killed Grinder
  1340 | D        | Reached skill level 19 in Armour
  1341 | D        | Killed Snorg
  1346 | D        | Killed Louise
  1355 | D        | Found the +7 pair of quick blades "Gyre" and "Gimble"
                  | {protect}
  1355 | D        | Found a transporter.
  1372 | D        | Killed Roxanne
  1372 | D        | Received a gift from Trog
  1383 | D        | Got the ring of Kyeme {MP+9 EV+3}
  1556 | D        | Entered arena 16.
  1556 | D        | Noticed a vampire knight
  1557 | D        | Noticed a lich
  1564 | D        | Killed a vampire knight
  1565 | D        | Reached skill level 15 in Dodging
  1568 | D        | Noticed a balrug
  1569 | D        | Received a gift from Trog
  1570 | D        | Killed a lich
  1570 | D        | Reached skill level 20 in Armour
  1574 | D        | Received a gift from Trog
  1617 | D        | Found a transporter.
  1816 | D        | Entered arena 17.
  1816 | D        | Noticed a vampire knight
  1820 | D        | Killed a vampire knight
  1821 | D        | Noticed a ghoul
  1822 | D        | Noticed a vampire knight
  1828 | D        | Received a gift from Trog
  1834 | D        | Received a gift from Trog
  1838 | D        | Killed a ghoul
  1838 | D        | Reached skill level 21 in Armour
  1842 | D        | Gained mutation: Your large and strong wings let you fly
                  | indefinitely. [Gargoyle growth]
  1842 | D        | Reached XP level 14. HP: 106/106 MP: 14/14
  1844 | D        | Killed a vampire knight
  1857 | D        | Found a transporter.
  1907 | D        | Entered arena 18.
  1910 | D        | Noticed a shadow dragon
  1911 | D        | Noticed a shadow dragon
  1912 | D        | Received a gift from Trog
  1917 | D        | Received a gift from Trog
  1924 | D        | Killed a shadow dragon
  1924 | D        | Received a gift from Trog
  1933 | D        | Killed a shadow dragon
  1934 | D        | Found a transporter.
  2024 | D        | Entered arena 19.
  2027 | D        | Noticed a green very ugly thing
  2027 | D        | Noticed a white very ugly thing
  2028 | D        | Noticed a red very ugly thing
  2029 | D        | Found a transporter.
  2033 | D        | Killed a red very ugly thing
  2036 | D        | Killed a red very ugly thing
  2037 | D        | Killed a red very ugly thing
  2038 | D        | Gained mutation: You occasionally shout uncontrollably at
                  | your foes. [a shining eye]
  2040 | D        | Received a gift from Trog
  2040 | D        | Reached skill level 22 in Armour
  2042 | D        | Gained mutation: Your spells are a little easier to cast,
                  | but a little less powerful. [a shining eye]
  2044 | D        | Received a gift from Trog
  2048 | D        | Received a gift from Trog
  2136 | D        | Entered arena 20.
  2141 | D        | Noticed a spriggan defender
  2141 | D        | Noticed a dire elephant
  2141 | D        | Noticed a spriggan defender
  2141 | D        | Noticed a dire elephant
  2142 | D        | Noticed a thorn hunter
  2142 | D        | Identified the cursed +0 robe of Miracles {rElec rCorr}
  2148 | D        | Killed a spriggan defender
  2152 | D        | Received a gift from Trog
  2157 | D        | Killed a dire elephant
  2160 | D        | Killed a thorn hunter
  2160 | D        | Killed a spriggan defender
  2160 | D        | Received a gift from Trog
  2161 | D        | Found a transporter.
  2162 | D        | Reached XP level 15. HP: 115/115 MP: 15/15
  2166 | D        | Reached skill level 23 in Armour
  2168 | D        | Received a gift from Trog
  2183 | D        | Received a gift from Trog
  2256 | D        | Entered arena 21.
  2260 | D        | Noticed a shadow dragon
  2260 | D        | Noticed a shadow dragon
  2260 | D        | Noticed a shadow dragon
  2261 | D        | Noticed an ancient lich
  2261 | D        | Noticed a lich
  2263 | D        | Found the +3 robe of Clouds {+Thunder rCloud rElec}
  2277 | D        | Killed a shadow dragon
  2277 | D        | Received a gift from Trog
  2279 | D        | Killed a shadow dragon
  2281 | D        | Killed a shadow dragon
  2282 | D        | Killed a lich
  2282 | D        | Received a gift from Trog
  2282 | D        | Reached skill level 24 in Armour
  2289 | D        | Received a gift from Trog
  2291 | D        | Killed an ancient lich
  2295 | D        | Reached XP level 16. HP: 125/125 MP: 16/16
  2295 | D        | Received a gift from Trog
  2313 | D        | Found a transporter.
  2369 | D        | Got the +0 pair of gloves of Azucad {*Drain rElec rPois
                  | Dex+5}
  2388 | D        | Reached skill level 1 in Shields
  2388 | D        | Reached XP level 17. HP: 131/131 MP: 17/17
  2392 | D        | Entered arena 22.
  2396 | D        | Noticed a deep elf blademaster
  2396 | D        | Noticed a deep elf blademaster
  2396 | D        | Noticed a deep elf master archer
  2396 | D        | Noticed a deep elf master archer
  2397 | D        | Noticed a deep elf blademaster
  2397 | D        | Identified the cursed +2 mace "Coakyr" {crush, rF+ rN+}
  2398 | D        | Identified the ring "Loxouz" {Fire rN+ Int-4 Dex+4}
  2398 | D        | Noticed a deep elf master archer
  2405 | D        | Killed a deep elf blademaster
  2405 | D        | Reached skill level 25 in Armour
  2409 | D        | Killed a deep elf blademaster
  2409 | D        | Received a gift from Trog
  2409 | D        | Reached skill level 5 in Shields
  2411 | D        | Killed a deep elf blademaster
  2412 | D        | Received a gift from Trog
  2414 | D        | Killed a deep elf master archer
  2414 | D        | Received a gift from Trog
  2416 | D        | Received a gift from Trog
  2417 | D        | Received a gift from Trog
  2418 | D        | Killed a deep elf master archer
  2425 | D        | Received a gift from Trog
  2426 | D        | Killed a deep elf master archer
  2430 | D        | Found a transporter.
  2443 | D        | Received a gift from Trog
  2523 | D        | Entered arena 23.
  2528 | D        | Noticed Nefuug the pandemonium lord
  2529 | D        | Noticed a tentacled starspawn
  2533 | D        | Received a gift from Trog
  2537 | D        | Reached skill level 10 in Shields
  2537 | D        | Received a gift from Trog
  2548 | D        | Received a gift from Trog
  2548 | D        | Killed a tentacled starspawn
  2548 | D        | Reached skill level 26 in Armour
  2552 | D        | Noticed a golden dragon
  2555 | D        | Received a gift from Trog
  2556 | D        | Paralysed by accursed screaming for 2 turns
  2562 | D        | Paralysed by accursed screaming for 2 turns
  2566 | D        | Killed Nefuug the pandemonium lord
  2566 | D        | Received a gift from Trog
  2566 | D        | Killed from afar by a starcursed mass

Levels and vault maps discovered:
D:        sprint_v [room_start, room_1, room_2, room_3, room_4, room_5, room_6,
          room_7, room_8, room_9, room_10, room_11, room_12, room_13, room_14,
          room_15, room_16, room_17, room_18, room_19, room_20, room_21,
          room_22, room_23, room_24, room_25, room_26, room_27]

Skill      XL: |  1  2  3  4  5  6  7  8  9 10 11 12 13 14 15 16 17 |
---------------+----------------------------------------------------+-----
Fighting       | 4 5 8 10 11 12 14 15 17 19 21 23 25 | 25.1
Axes           | 3 4 7 8 9 10 13 15 16 18 19 21 22 | 22.9
Armour         | 3 4 8 9 10 12 13 15 17 21 22 24 26 | 26.2
Dodging        | 2 3 6 7 8 9 11 12 14 15 17 19 20 | 20.3
Stealth        | 2 |  2.6
Shields        | 1 11 | 11.2

Action                   |  1- 3 |  4- 6 |  7- 9 | 10-12 | 13-15 | 16-18 || total
-------------------------+-------+-------+-------+-------+-------+-------++-------
Melee: Broad axe         |     4 |    11 |    69 |   116 |   200 |    75 ||   475
Invok: Berserk           |     1 |       |     2 |     5 |     6 |     2 ||    16
       Brothers in Arms  |       |       |       |     1 |       |       ||     1
  Use: Scroll            |       |       |     1 |       |     1 |     1 ||     3
       Potion            |       |       |       |       |       |     1 ||     1
  Eat: Chunk             |       |       |     2 |     6 |     6 |     2 ||    16
       Ration            |       |       |       |       |     1 |       ||     1
Armor: Plate armour      |     1 |     9 |    77 |    72 |   128 |    57 ||   344
Dodge: Dodged            |       |       |    13 |    12 |    41 |    25 ||    91
Block: Shield            |     1 |    21 |   140 |   153 |   243 |   115 ||   673
